 Dungeon Crawl Stone Soup version 0.29-a0-1033-gb6c65ffae6 (webtiles) character file.

Game seed: 6483501851516949478

46 lesbiats the Trooper (level 3, 36/36 HPs)
             Began as a Troll Berserker on Aug 14, 2022.
             Was a Follower of Trog.
             Quit the game on level 2 of the Dungeon.
             The game lasted 00:04:01 (1188 turns).

lesbiats the Trooper (Troll Berserker)              Turns: 1188, Time: 00:04:01

Health: 36/36      AC:  4    Str: 27    XL:     3   Next: 44%
Magic:  2/2        EV: 10    Int:  3    God:    Trog [*.....]
Gold:   50         SH:  0    Dex:  9    Spells: 2/2 levels left

rFire   . . .      SeeInvis .     - Unarmed
rCold   . . .      Faith    .   (no shield)
rNeg    . . .      Spirit   .   b - +0 animal skin
rPois   .          Reflect  .   (helmet restricted)
rElec   .          Harm     .   (no cloak)
rCorr   .          Rampage  .   (gloves unavailable)
Will    .....                   (boots unavailable)
Stlth   +.........              (no amulet)
HPRegen 0.92/turn               (no ring)
MPRegen 0.08/turn               (no ring)

@: no status effects
A: large, unfitting armour, claws 3, regeneration 1, shaggy fur 1, tough skin 1
a: Renounce Religion, Berserk


You were on level 2 of the Dungeon.
You worshipped Trog.
Trog was aware of your devotion.
You visited 1 branch of the dungeon, and saw 2 of its levels.

You collected 50 gold pieces.

Inventory:

Hand Weapons
 a - a +0 hand axe
 m - a +0 giant spiked club
Missiles
 c - 13 stones (quivered)
 k - 3 poisoned darts
Armour
 b - a +0 animal skin (worn)
 i - a +0 robe
Scrolls
 d - a scroll of torment {unknown}
 f - a scroll of poison {unknown}
 g - a scroll of amnesia {unknown}
 j - a scroll of vulnerability {unknown}
 l - a scroll of blinking {unknown}
Potions
 e - a potion of curing {unknown}
 h - a potion of attraction {unknown}


   Skills:
 + Level 2.8 Fighting
 - Level 2.4 Axes
 * Level 0.0(1.5) Maces & Flails
 + Level 2.8 Dodging
 - Level 2.1 Unarmed Combat


You had 2 spell levels left.
You didn't know any spells.
Your spell library was empty.

Dungeon Overview and Level Annotations

Branches:
Dungeon (2/15)

Altars:


Innate Abilities, Weirdness & Mutations

You are too large for most types of armour.
You have claws for hands.
Your natural rate of healing is unusually fast.
You are covered in fur. (AC +1)
You have tough skin. (AC +1)


Message History

You closely miss the goblin.
The goblin is severely wounded.
The goblin hits you but does no damage.
You completely miss the goblin.
The goblin is severely wounded.
The goblin hits you with a +0 dagger.
You scratch the goblin.
You kill the goblin!
Trog accepts your kill.
Your Unarmed Combat skill increases to level 2!
c - 8 stones (gained 3)
Things that are here:
a +0 dagger; a goblin corpse
Things that are here:
a +0 dagger; a goblin corpse A rat comes into view.
Found 5 stones.
You claw the rat!
You kill the rat!
Trog accepts your kill.
You see here a rat corpse.
You now have 50 gold pieces (gained 7).
Found a giant spiked club.
c - 13 stones (gained 5)
An adder comes into view.
The adder hisses angrily.
You claw the adder!
The adder is severely wounded.
The adder closely misses you. The adder completely misses you.
You barely miss the adder.
The adder is severely wounded.
The adder bites you.
You scratch the adder.
You kill the adder!
Trog accepts your kill.
You see here a +0 giant spiked club.
m - a +0 giant spiked club Unknown command.
Unknown command.
Are you sure you want to abandon this character and quit the game? (Confirm with "yes".)

#.......#...†.......#
#.......#......###.##
#########...##.#
#...# .# ######...#
.# #........# .#
#.......## ..
#.......# ..
#@......# ..
#######.# #.#
######.# +....#.#
#.####.#
#.####.#######.
#..............
#.####..#######


There were no monsters in sight!

Vanquished Creatures
  2 adders (D:2)
  A worm (D:2)
  2 bats (D:1)
  An endoplasm (D:2)
  6 goblins
  5 hobgoblins (D:1)
  2 kobolds
  A quokka (D:1)
  2 rats (D:2)
22 creatures vanquished.

Notes
Turn   | Place    | Note
-------+----------+-------------------------------------------
     0 | D:1      | lesbiats the Troll Berserker began the quest for the Orb.
     0 | D:1      | Reached XP level 1. HP: 22/22 MP: 0/0
   171 | D:1      | Found a faded altar of an unknown god.
   196 | D:1      | Reached skill level 1 in Unarmed Combat
   215 | D:1      | Reached XP level 2. HP: 29/29 MP: 1/1
  1038 | D:2      | Reached XP level 3. HP: 33/36 MP: 2/2
  1188 | D:2      | Quit the game

Illustrated notes

Levels and vault maps discovered:
D:1:      dpeg_arrival_simpleton_c, layout_basic, basic_ecumenical_altar,
          minmay_misc_feat_alley
D:2:      layout_basic, serial_shops, nicolae_diamond_shop

Skill      XL: |  1  2  3 |
---------------+----------+-----
Unarmed Combat | 1 2 |  2.1
Fighting       | |  2.8
Axes           | |  2.4
Dodging        | |  2.8

Action                   || total
-------------------------++-------
Melee: Unarmed           ||    65
Invok: Berserk           ||     1
Armor: Animal skin       ||     9
Dodge: Dodged            ||    29

Table legend: (Time is in decaauts)
 A = Elapsed time spent in this place.
 B = Non-inter-level travel time spent in this place.
 C = Inter-level travel time spent in this place.
 D = Time resting spent in this place.
 E = Time spent auto-exploring this place.
 F = Levels seen in this place.
 G = Mean time per level.
                   A        B        C        D        E       F      G
               +--------+--------+--------+--------+--------+-----+--------+
         Total |   1193 |   1132 |     61 |    246 |    651 |   2 |  596.5 |
       Dungeon |   1193 |   1132 |     61 |    246 |    651 |   2 |  596.5 |
               +--------+--------+--------+--------+--------+-----+--------+

Top non-repeatable levels by time:
     D:1: 785 daAuts
     D:2: 407 daAuts
